| TOP OF THE 1ST |
|
St. Louis Cardinals batting - Pitching for San Diego Padres : LHP Bryan Hardy
|
|
Pitching: LHP Bryan Hardy
|
|
|
Batting: SHB Otis Nixon
|
0-0: Called Strike 0-1: Foul Ball, location: 2F 0-2: Ball 1-2: Fly out, F8 (Flyball, 8LM, EV 89.4 MPH)
|
|
Batting: SHB Billy E Smith
|
0-0: Called Strike 0-1: Foul Ball, location: 2F 0-2: Ball 1-2: Ball 2-2: Strikes out swinging
|
|
Batting: RHB Sixto Lezcano
|
0-0: Ball 1-0: Called Strike 1-1: Ball 2-1: Ground out 5-3 (Groundball, 56, EV 84.4 MPH)
|
| Top of the 1st over - 0 runs, 0 hits, 0 errors, 0 left on base; St. Louis 0 - San Diego 0 |
| BOTTOM OF THE 1ST |
|
San Diego Padres batting - Pitching for St. Louis Cardinals : LHP Willie Hernandez
|
|
Pitching: LHP Willie Hernandez
|
|
|
Batting: RHB Dennis Dungy
|
0-0: Ball 1-0: Ball 2-0: Ball 3-0: Called Strike 3-1: Ground out 6-3 (Groundball, 56, EV 80.0 MPH)
|
|
Batting: RHB Bob Dernier
|
0-0: Called Strike 0-1: Foul Ball, location: 2F 0-2: Ball 1-2: Foul Ball, location: 2F 1-2: Foul Ball, location: 2F 1-2: Strikes out looking
|
|
Batting: LHB Mike Cole
|
0-0: Foul Ball, location: 2F 0-1: Foul Ball, location: 2F 0-2: Ball 1-2: Foul Ball, location: 2F 1-2: Ball 2-2: Ground out 4-3 (Groundball, 4D, EV 91.3 MPH)
|
| Bottom of the 1st over - 0 runs, 0 hits, 0 errors, 0 left on base; St. Louis 0 - San Diego 0 |
| TOP OF THE 2ND |
|
St. Louis Cardinals batting - Pitching for San Diego Padres : LHP Bryan Hardy
|
|
Batting: RHB Bob Watson
|
0-0: Foul Ball, location: 2F 0-1: Swinging Strike 0-2: Foul Ball, location: 2F 0-2: Ball 1-2: Foul Ball, location: 2F 1-2: Ground out 6-3 (Groundball, 6, EV 93.1 MPH)
|
|
Batting: LHB Jim Gantner
|
0-0: Foul Ball, location: 2F 0-1: Swinging Strike 0-2: SINGLE (Groundball, 3D, EV 99.4 MPH)
|
|
Batting: RHB Joe Torre
|
0-0: Ball 1-0: Ball 2-0: Ball 3-0: Base on Balls Jim Gantner to second
|
|
Batting: LHB Pat Putnam
|
0-0: Foul Ball, location: 2F 0-1: Called Strike 0-2: Ball 1-2: Foul Ball, location: 2F 1-2: Ball 2-2: Foul Ball, location: 2F 2-2: Strikes out swinging
|
|
Batting: RHB Pascual D'Annunzio
|
0-0: Called Strike 0-1: Ball 1-1: Ball 2-1: SINGLE (Groundball, 15S, EV 69.4 MPH) (infield hit) Jim Gantner to third Joe Torre to second
|
|
Batting: LHB Willie Hernandez
|
0-0: Ball 1-0: Ball 2-0: Called Strike 2-1: Foul Ball, location: 2F 2-2: Foul Ball, location: 2F 2-2: Strikes out swinging
|
| Top of the 2nd over - 0 runs, 2 hits, 0 errors, 3 left on base; St. Louis 0 - San Diego 0 |
| BOTTOM OF THE 2ND |
|
San Diego Padres batting - Pitching for St. Louis Cardinals : LHP Willie Hernandez
|
|
Batting: RHB Joel Youngblood
|
0-0: Ball 1-0: Called Strike 1-1: Called Strike 1-2: Foul Ball, location: 2F 1-2: Foul Ball, location: 2F 1-2: Foul Ball, location: 2F 1-2: Foul Ball, location: 2F 1-2: DOUBLE (Line Drive, 9LS, EV 93.1 MPH)
|
|
Batting: RHB Heriberto Soltero
|
0-0: Ground out 2-3 (Groundball, 2L, EV 67.5 MPH) Joel Youngblood to third
|
|
Batting: LHB Tom Dunbar
|
0-0: Called Strike 0-1: Ground out 5-3 (Groundball, 56S, EV 79.4 MPH) Joel Youngblood scores
|
|
Batting: RHB Nicky Richards
|
0-0: Ball 1-0: Ball 2-0: Called Strike 2-1: Swinging Strike 2-2: Ball 3-2: Foul Ball, location: 2F 3-2: Strikes out swinging
|
| Bottom of the 2nd over - 1 run, 1 hit, 0 errors, 0 left on base; St. Louis 0 - San Diego 1 |
| TOP OF THE 3RD |
|
St. Louis Cardinals batting - Pitching for San Diego Padres : LHP Bryan Hardy
|
|
Batting: SHB Otis Nixon
|
0-0: Foul Ball, location: 2F 0-1: Ball 1-1: Fly out, F7 (Line Drive, 7, EV 95.6 MPH)
|
|
Batting: SHB Billy E Smith
|
0-0: Ground out 5-3 (Groundball, 56S, EV 73.1 MPH)
|
|
Batting: RHB Sixto Lezcano
|
0-0: Ball 1-0: Ball 2-0: Ball 3-0: Base on Balls
|
|
Batting: RHB Bob Watson
|
0-0: Ball 1-0: Ground out 4-3 (Groundball, 34, EV 80.6 MPH)
|
| Top of the 3rd over - 0 runs, 0 hits, 0 errors, 1 left on base; St. Louis 0 - San Diego 1 |
| BOTTOM OF THE 3RD |
|
San Diego Padres batting - Pitching for St. Louis Cardinals : LHP Willie Hernandez
|
|
Batting: LHB Jeffrey Zitek
|
0-0: Ground out 6-3 (Groundball, 6MD, EV 102.5 MPH)
|
|
Batting: RHB Bryan Hardy
|
0-0: Fly out, F8 (Flyball, 8LD, EV 100.0 MPH)
|
|
Batting: RHB Dennis Dungy
|
0-0: Foul Ball, location: 2F 0-1: Ball 1-1: Ball 2-1: Swinging Strike 2-2: Ball 3-2: Foul Ball, location: 2F 3-2: Fly out, F8 (Flyball, 8LS, EV 83.8 MPH)
|
| Bottom of the 3rd over - 0 runs, 0 hits, 0 errors, 0 left on base; St. Louis 0 - San Diego 1 |
| TOP OF THE 4TH |
|
St. Louis Cardinals batting - Pitching for San Diego Padres : LHP Bryan Hardy
|
|
Batting: LHB Jim Gantner
|
0-0: Foul Ball, location: 2F 0-1: Swinging Strike 0-2: Strikes out looking
|
|
Batting: RHB Joe Torre
|
0-0: Ball 1-0: Foul Ball, location: 2F 1-1: Ball 2-1: Ball 3-1: Base on Balls
|
|
Batting: LHB Pat Putnam
|
0-0: Foul Ball, location: 2F 0-1: Ball 1-1: 2-RUN HOME RUN (Flyball, 89XD, EV 104.4 MPH), Distance : 413 ft
|
|
Batting: RHB Pascual D'Annunzio
|
0-0: Fly out, F9 (Flyball, 9S, EV 86.3 MPH)
|
|
Batting: LHB Willie Hernandez
|
0-0: Ball 1-0: Swinging Strike 1-1: Ground out 1-3 (Groundball, 34S, EV 71.3 MPH)
|
| Top of the 4th over - 2 runs, 1 hit, 0 errors, 0 left on base; St. Louis 2 - San Diego 1 |
| BOTTOM OF THE 4TH |
|
San Diego Padres batting - Pitching for St. Louis Cardinals : LHP Willie Hernandez
|
|
Batting: RHB Bob Dernier
|
0-0: Called Strike 0-1: Ball 1-1: Called Strike 1-2: Strikes out looking
|
|
Batting: LHB Mike Cole
|
0-0: Ball 1-0: Foul Ball, location: 2F 1-1: Ball 2-1: Called Strike 2-2: Ball 3-2: Fly out, F9 (Flyball, 89D, EV 95.0 MPH)
|
|
Batting: RHB Joel Youngblood
|
0-0: Ball 1-0: Ground out 5-3 (Groundball, 56S, EV 72.5 MPH)
|
| Bottom of the 4th over - 0 runs, 0 hits, 0 errors, 0 left on base; St. Louis 2 - San Diego 1 |
| TOP OF THE 5TH |
|
St. Louis Cardinals batting - Pitching for San Diego Padres : LHP Bryan Hardy
|
|
Batting: SHB Otis Nixon
|
0-0: DOUBLE (Line Drive, 9LM, EV 108.8 MPH)
|
|
Batting: SHB Billy E Smith
|
0-0: Called Strike 0-1: Ball 1-1: Called Strike Otis Nixon steals 3rd base 1-2: Foul Ball, location: 2F 1-2: Ball 2-2: Ball 3-2: Foul Ball, location: 2F 3-2: Base on Balls
|
|
Batting: RHB Sixto Lezcano
|
0-0: Swinging Strike 0-1: Ball 1-1: Ball 2-1: Fly out, F8 (Flyball, 8LS, EV 90.0 MPH)
|
|
Batting: RHB Bob Watson
|
0-0: Called Strike 0-1: Ball 1-1: Fly out, F9 (Line Drive, 9, EV 98.1 MPH)
|
|
Batting: LHB Jim Gantner
|
0-0: Foul Ball, location: 2F 0-1: Foul Ball, location: 2F 0-2: 3-RUN HOME RUN (Flyball, 9LD, EV 105.0 MPH), Distance : 366 ft
|
|
Batting: RHB Joe Torre
|
0-0: Ball 1-0: Ball 2-0: SINGLE (Line Drive, 89S, EV 100.6 MPH)
|
|
Batting: LHB Pat Putnam
|
0-0: Ball 1-0: Foul Ball, location: 2F 1-1: Swinging Strike 1-2: Ball 2-2: Strikes out looking
|
| Top of the 5th over - 3 runs, 3 hits, 0 errors, 1 left on base; St. Louis 5 - San Diego 1 |
| BOTTOM OF THE 5TH |
|
San Diego Padres batting - Pitching for St. Louis Cardinals : LHP Willie Hernandez
|
|
Batting: RHB Heriberto Soltero
|
0-0: Foul Ball, location: 2F 0-1: Ball 1-1: Ball 2-1: Foul Ball, location: 2F 2-2: SINGLE (Flyball, 3D, EV 90.6 MPH)
|
|
Batting: LHB Tom Dunbar
|
0-0: Ball 1-0: Fly out, F7 (Flyball, 78D, EV 105.0 MPH)
|
|
Batting: RHB Nicky Richards
|
0-0: Ball 1-0: Grounds into double play, 1-6-3 (Groundball, 13, EV 63.1 MPH)
|
| Bottom of the 5th over - 0 runs, 1 hit, 0 errors, 0 left on base; St. Louis 5 - San Diego 1 |
| TOP OF THE 6TH |
|
St. Louis Cardinals batting - Pitching for San Diego Padres : LHP Bryan Hardy
|
|
Batting: RHB Pascual D'Annunzio
|
0-0: Called Strike 0-1: Fly out, F8 (Flyball, 78M, EV 74.4 MPH)
|
|
Batting: LHB Willie Hernandez
|
0-0: Called Strike 0-1: SINGLE (Groundball, 34D, EV 103.8 MPH)
|
|
Batting: SHB Otis Nixon
|
0-0: Called Strike 0-1: Foul Ball, location: 2F 0-2: Ball 1-2: Strikes out swinging
|
|
Batting: SHB Billy E Smith
|
0-0: Ball 1-0: Called Strike 1-1: SINGLE (Line Drive, 78M, EV 93.1 MPH) Willie Hernandez to second
|
|
Batting: RHB Sixto Lezcano
|
0-0: Swinging Strike 0-1: Called Strike 0-2: Ball 1-2: Foul Ball, location: 2F 1-2: SINGLE (Groundball, 5S, EV 69.4 MPH) (infield hit) Willie Hernandez to third Billy E Smith to second
|
|
Pitching: LHP Ed Vande Berg
|
|
|
Now at C: Eddy Martinez
|
|
|
Batting: RHB Bob Watson
|
0-0: Foul Ball, location: 2F 0-1: Ball 1-1: Fly out, F8 (Flyball, 8LD, EV 98.8 MPH)
|
| Top of the 6th over - 0 runs, 3 hits, 0 errors, 3 left on base; St. Louis 5 - San Diego 1 |
| BOTTOM OF THE 6TH |
|
San Diego Padres batting - Pitching for St. Louis Cardinals : LHP Willie Hernandez
|
|
Batting: LHB Jeffrey Zitek
|
0-0: Ball 1-0: SINGLE (Groundball, 4MD, EV 98.8 MPH)
|
|
Batting: RHB Eddy Martinez
|
0-0: Foul Ball, location: 2F 0-1: Ball 1-1: SINGLE (Line Drive, 56D, EV 105.6 MPH) Jeffrey Zitek to second Runner from 2nd tries for 3rd, SAFE, throw by LF made to third
|
|
Batting: RHB Dennis Dungy
|
0-0: Fly out, F7 (Line Drive, 7, EV 88.1 MPH) Runner from 3rd tags up, SCORES, throw by LF
|
|
Batting: RHB Bob Dernier
|
0-0: Called Strike 0-1: SINGLE (Groundball, 6MD, EV 95.0 MPH) Eddy Martinez to second Runner from 2nd tries for 3rd, SAFE, throw by CF made to third
|
|
Batting: LHB Mike Cole
|
0-0: Called Strike 0-1: Ball 1-1: Ball 2-1: Fielders Choice at 2nd, 4-6 (Groundball, 34, EV 101.9 MPH) Eddy Martinez scores
|
|
Batting: RHB Joel Youngblood
|
0-0: Ball Mike Cole is caught stealing 2nd base 2-4
|
| Bottom of the 6th over - 2 runs, 3 hits, 0 errors, 0 left on base; St. Louis 5 - San Diego 3 |
| TOP OF THE 7TH |
|
St. Louis Cardinals batting - Pitching for San Diego Padres : LHP Ed Vande Berg
|
|
Batting: LHB Jim Gantner
|
0-0: Ground out U3 (Groundball, 3, EV 82.5 MPH)
|
|
Batting: RHB Joe Torre
|
0-0: Ground out 5-3 (Groundball, 56, EV 87.5 MPH)
|
|
Batting: LHB Pat Putnam
|
0-0: Ball 1-0: Swinging Strike 1-1: Ground out 5-3 (Groundball, 56, EV 86.9 MPH)
|
| Top of the 7th over - 0 runs, 0 hits, 0 errors, 0 left on base; St. Louis 5 - San Diego 3 |
| BOTTOM OF THE 7TH |
|
San Diego Padres batting - Pitching for St. Louis Cardinals : LHP Willie Hernandez
|
|
Batting: RHB Joel Youngblood
|
0-0: Called Strike 0-1: Called Strike 0-2: Ball 1-2: Ground out 6-3 (Groundball, 6, EV 83.1 MPH)
|
|
Batting: RHB Heriberto Soltero
|
0-0: Ball 1-0: Foul Ball, location: 2F 1-1: Swinging Strike 1-2: Ball 2-2: Foul Ball, location: 2F 2-2: Foul Ball, location: 2F 2-2: Ball 3-2: Foul Ball, location: 2F 3-2: Strikes out swinging
|
|
Batting: LHB Tom Dunbar
|
0-0: Called Strike 0-1: Ball 1-1: Foul Ball, location: 2F 1-2: DOUBLE (Line Drive, 78M, EV 90.0 MPH)
|
|
Pinch Hitting: LHB Chris Chambliss
|
0-0: Ball 1-0: Ball 2-0: Ground out 4-3 (Groundball, 4, EV 85.0 MPH)
|
| Bottom of the 7th over - 0 runs, 1 hit, 0 errors, 1 left on base; St. Louis 5 - San Diego 3 |
| TOP OF THE 8TH |
|
St. Louis Cardinals batting - Pitching for San Diego Padres : LHP Ed Vande Berg
|
|
Pitching: RHP Craig Eaton
|
|
|
Batting: RHB Pascual D'Annunzio
|
0-0: Ball 1-0: Ball 2-0: Ground out 4-3 (Groundball, 4, EV 103.8 MPH)
|
|
Batting: LHB Willie Hernandez
|
0-0: Called Strike 0-1: Called Strike 0-2: Ball 1-2: Strikes out swinging
|
|
Batting: SHB Otis Nixon
|
0-0: Foul Ball, location: 2F 0-1: Ground out 4-3 (Groundball, 4, EV 112.5 MPH)
|
| Top of the 8th over - 0 runs, 0 hits, 0 errors, 0 left on base; St. Louis 5 - San Diego 3 |
| BOTTOM OF THE 8TH |
|
San Diego Padres batting - Pitching for St. Louis Cardinals : LHP Willie Hernandez
|
|
Batting: LHB Jeffrey Zitek
|
0-0: Ball 1-0: Ball 2-0: Ball 3-0: Ground out U3 (Groundball, 3, EV 85.0 MPH)
|
|
Batting: RHB Eddy Martinez
|
0-0: Ball 1-0: Fly out, F6 (Flyball, 56D, EV 92.5 MPH)
|
|
Batting: RHB Dennis Dungy
|
0-0: Foul Ball, location: 2F 0-1: Foul Ball, location: 2F 0-2: Ball 1-2: Foul Ball, location: 2F 1-2: DOUBLE (Flyball, 8RXD, EV 104.4 MPH)
|
|
Batting: RHB Bob Dernier
|
0-0: Ball Wild Pitch! Dennis Dungy to third 1-0: SINGLE (Line Drive, 89S, EV 105.6 MPH) Dennis Dungy scores
|
|
Pitching: RHP Larry Andersen
|
|
|
Batting: LHB Mike Cole
|
0-0: Foul Ball, location: 2F 0-1: Ball 1-1: Foul Ball, location: 2F 1-2: Ball 2-2: SINGLE (Line Drive, 56D, EV 98.8 MPH) Bob Dernier to second Runner from 2nd tries for 3rd, SAFE, throw by LF made to third
|
|
Batting: RHB Joel Youngblood
|
0-0: Foul Ball, location: 2F 0-1: Ball 1-1: Ball 2-1: Called Strike 2-2: Foul Ball, location: 2F 2-2: Ball 3-2: Base on Balls Mike Cole to second
|
|
Batting: RHB Heriberto Soltero
|
0-0: Ball 1-0: Ground out 2-3 (Groundball, 2L, EV 70.6 MPH)
|
| Bottom of the 8th over - 1 run, 3 hits, 0 errors, 3 left on base; St. Louis 5 - San Diego 4 |
| TOP OF THE 9TH |
|
St. Louis Cardinals batting - Pitching for San Diego Padres : RHP Craig Eaton
|
|
Batting: SHB Billy E Smith
|
0-0: SINGLE (Groundball, 34D, EV 100.6 MPH)
|
|
Batting: RHB Sixto Lezcano
|
0-0: Ball 1-0: Called Strike 1-1: Single, Error in OF, E9, batter to second base (Line Drive, 34, EV 94.4 MPH) Billy E Smith to third
|
|
Batting: RHB Bob Watson
|
0-0: Ball 1-0: Ball 2-0: Foul Ball, location: 2F 2-1: SINGLE (Groundball, 56D, EV 95.0 MPH) Billy E Smith scores Sixto Lezcano to third Runner from 3rd tries for Home, SAFE, throw by LF to home
|
|
Batting: LHB Jim Gantner
|
0-0: Ball 1-0: Foul Ball, location: 2F 1-1: Ball 2-1: Grounds into double play, 4-6-3 (Groundball, 4M, EV 103.8 MPH)
|
|
Batting: RHB Joe Torre
|
0-0: Ball 1-0: Ball 2-0: Fly out, F9 (Flyball, 9LD, EV 105.6 MPH)
|
| Top of the 9th over - 2 runs, 3 hits, 1 error, 0 left on base; St. Louis 7 - San Diego 4 |
| BOTTOM OF THE 9TH |
|
San Diego Padres batting - Pitching for St. Louis Cardinals : RHP Larry Andersen
|
|
Batting: LHB Tom Dunbar
|
0-0: Ball 1-0: Ball 2-0: SINGLE (Line Drive, 3D, EV 104.4 MPH)
|
|
Pinch Hitting: RHB Tommy Curran
|
0-0: Ball 1-0: Ball 2-0: Ball 3-0: Called Strike 3-1: Base on Balls Tom Dunbar to second
|
|
Batting: LHB Jeffrey Zitek
|
0-0: Ball 1-0: Called Strike 1-1: SINGLE (Flyball, 34D, EV 95.0 MPH) Tom Dunbar to third Tommy Curran to second
|
|
Batting: RHB Eddy Martinez
|
0-0: Called Strike 0-1: Ball 1-1: Grounds into double play, 6-4-3 (Groundball, 6, EV 78.8 MPH) Tom Dunbar scores Tommy Curran to third
|
|
Batting: RHB Dennis Dungy
|
0-0: Ground out 5-3 (Groundball, 56S, EV 90.0 MPH)
|
| Bottom of the 9th over - 1 run, 2 hits, 0 errors, 1 left on base; St. Louis 7 - San Diego 5 |
|